 Dungeon Crawl Stone Soup version 0.32-a0-876-gcfddb08e57 (webtiles) character file.

Game seed: 4569871159728753540

702 garrulousMonolith the Chopper (level 7, -3/55 HPs)
             Began as a Demonspawn Fighter on Mar 31, 2024.
             Was an Initiate of Beogh.
             Slain by an ice beast (10 damage)
             ... on level 5 of the Dungeon on Apr 1, 2024.
             The game lasted 00:06:50 (3668 turns).

garrulousMonolith the Chopper (Demonspawn Fighter)  Turns: 3668, Time: 00:06:51

Health: -3/55      AC:  9    Str: 18    XL:     7   Next: 39%
Magic:  9/9        EV:  6    Int:  8    God:    Beogh [......]
Gold:   142        SH:  4    Dex: 13    Spells: 6/6 levels left

rFire   . . .        a - +0 war axe
rCold   . . .        c - +0 buckler
rNeg    . . .        s - +0 chain mail
rPois   .            (helmet restricted)
rElec   .            (no cloak)
rCorr   .            (no gloves)
SInv    .            (no boots)
Will    .....        (no amulet) Stlth
                     (no ring)
HPRegen 0.29/turn    (no ring)
MPRegen 0.22/turn

%: no passive effects
@: no status effects
A: horns 2, ignite blood 3, magic regeneration
a: Renounce Religion


You were on level 5 of the Dungeon.
You worshipped Beogh.
Beogh was noncommittal.
You visited 2 branches of the dungeon, and saw 6 of its levels.

You collected 202 gold pieces.
You spent 60 gold pieces at shops.

Inventory:

Hand Weapons
 a - a +0 war axe (weapon)
 j - a +0 whip of freezing
Missiles
 t - 4 poisoned darts (quivered)
Armour
 b - a +0 scale mail
 c - a +0 buckler (worn)
 s - a +0 chain mail (worn)
Jewellery
 g - an amulet of faith
Scrolls
 e - 2 scrolls of blinking
 f - a scroll of poison
 k - 2 scrolls of butterflies
 l - a scroll of fear {unknown}
 m - 2 scrolls of revelation
 p - a scroll of teleportation {unknown}
 r - a scroll of fog {unknown}
 u - a scroll of identify
Potions
 d - 2 potions of might
 h - a potion of brilliance
 o - a potion of attraction
 q - a potion of enlightenment


   Skills:
 + Level 4.4 Fighting
 * Level 4.6 Axes
 + Level 4.1 Armour
 + Level 4.0 Shields
 + Level 3.9 Invocations


You had 6 spell levels left.
You didn't know any spells.
Your spell library contained the following spells:

 Spells                   Type           Power      Damage    Failure   Level
 Necrotise                Necr           0%         1d4       99%         1
 Lesser Beckoning         Tloc           0%         N/A       100%        2
 Teleport Other           Tloc           0%         N/A       100%        3
 Vampiric Draining        Necr           0%         2d6       100%        3
 Martyr's Knell           Necr/Summ      0%         N/A       100%        4
 Maxwell's Portable Pile  Tloc           0%         2d(5-10)  100%        4
 Curse of Agony           Necr           0%         N/A       100%        5


Dungeon Overview and Level Annotations

Branches:
Dungeon (5/15)             Temple (1/1) D:4

Altars:
Dithmenos
Fedhas
Gozag
Kikubaaqudgha
Makhleb
Okawaru
Qazlal
Sif Muna
Trog
Wu Jian
Yredelemnul

Shops:
D:2 *   D:4 *


Innate Abilities, Weirdness & Mutations

You have a pair of horns on your head.
Your demonic aura causes all spilled blood to erupt in flames.
You regenerate magic rapidly.


Message History

The gnoll hits you with a +0 flail.
You slash the gnoll!
The gnoll is almost dead.
The gnoll is engulfed in blazing flames.
You kill the gnoll!
Beogh accepts your kill.
You barely miss the ice beast.
The ice beast hits you but does no damage. x2
You hit the ice beast.
The ice beast is moderately wounded.
The ice beast hits you but does no damage.
You block the ice beast's attack.
You see here a +0 flail.
You slash the ice beast!
The ice beast is heavily wounded.
The ice beast hits you but does no damage. x2
You hit the ice beast.
The ice beast is heavily wounded.
The ice beast hits you but does no damage.
You hit the ice beast.
The ice beast is severely wounded.
The ice beast hits you. The ice beast freezes you!
You closely miss the ice beast.
The ice beast is severely wounded.
The ice beast hits you but does no damage.
You slash the ice beast! You headbutt the ice beast.
The ice beast is almost dead.
The ice beast hits you. The ice beast freezes you!
* * * LOW HITPOINT WARNING * * *
You block the ice beast's attack.
The ice beast attacks as it pursues you!
The ice beast hits you but does no damage.
Okay, then.
You aren't carrying any items that you can evoke.
You barely miss the ice beast. You headbutt the ice beast.
The ice beast is almost dead.
The ice beast hits you.
* * * LOW HITPOINT WARNING * * *
The ice beast freezes you!
You die...

.. ..# # #.# .# #.#
##.# #.####...#
#......#
#.######.††.<#
#$..@Y##.)...#
#######))..)...####
......)............
.....######....####
.... #....# ...
###### .. .


You could see an ice beast.

Vanquished Creatures
  A hornet (D:5)
  2 bullfrogs
  A scorpion (D:4)
  A hound (D:5)
  An iguana (D:5)
  A sleepcap (D:4)
  Terence (D:3)
  7 gnolls
  4 adders
  2 dart slugs (D:3)
  3 ribbon worms
  6 orcs
  2 bats
  9 endoplasms
  5 giant cockroaches
  6 hobgoblins
  5 jackals
  4 quokkas
  8 ball pythons
  3 frilled lizards
  10 goblins
  11 kobolds
  3 rats (D:3)
96 creatures vanquished.

Vanquished Creatures (others)
  An orc priest (D:5)
1 creature vanquished.

Grand Total: 97 creatures vanquished

Notes
Turn   | Place    | Note
-------+----------+-------------------------------------------
     0 | D:1      | garrulousMonolith the Demonspawn Fighter began the quest
                  | for the Orb.
     0 | D:1      | Reached XP level 1. HP: 18/18 MP: 1/1
   148 | D:1      | Gained mutation: Your demonic aura sometimes causes spilled
                  | blood to erupt in flames. [demonic ancestry]
   148 | D:1      | Reached XP level 2. HP: 19/24 MP: 2/2
   528 | D:1      | Reached skill level 1 in Invocations
   824 | D:1      | Gained mutation: Your demonic aura often causes spilled
                  | blood to erupt in flames. [demonic ancestry]
   824 | D:1      | Reached XP level 3. HP: 27/29 MP: 3/3
   982 | D:2      | Found Noukoomm's General Store.
  1008 | D:2      | Bought a potion of heal wounds for 60 gold pieces
  1850 | D:3      | Gained mutation: Your demonic aura causes all spilled blood
                  | to erupt in flames. [demonic ancestry]
  1850 | D:3      | Reached XP level 4. HP: 30/35 MP: 5/5
  2175 | D:3      | Noticed Terence
  2182 | D:3      | Killed Terence
  2183 | D:3      | Gained mutation: You have a pair of small horns on your
                  | head. [demonic ancestry]
  2183 | D:3      | Reached XP level 5. HP: 28/41 MP: 6/6
  2825 | D:4      | Found a staircase to the Ecumenical Temple.
  2847 | D:4      | Found Ybrezimium's Gadget Gallery.
  2881 | Temple   | Entered the Ecumenical Temple
  3121 | D:4      | Gained mutation: You have a pair of horns on your head.
                  | [demonic ancestry]
  3121 | D:4      | Reached XP level 6. HP: 40/48 MP: 8/8
  3445 | D:5      | Entered Level 5 of the Dungeon
  3450 | D:5      | Noticed a hornet
  3458 | D:5      | Killed a hornet
  3459 | D:5      | Gained mutation: You regenerate magic rapidly. [demonic
                  | ancestry]
  3459 | D:5      | Reached XP level 7. HP: 32/55 MP: 9/9
  3643 | D:5      | Became a worshipper of Beogh the Shepherd
  3668 | D:5      | Slain by an ice beast

Illustrated notes

Levels and vault maps discovered:
D:1:      scummos_arrival_forest, layout_basic
D:2:      layout_loops_ring, serial_shops, shop, basic_altar
D:3:      minmay_chambers_of_threes, layout_loops_cross, uniq_terence
D:4:      layout_cave_pools, minmay_temple_entry_glass,
          minmay_misc_feat_four_crosses, nicolae_shop_gadgets
D:5:      layout_rooms, ebering_ghost_sewer_f
Temple:   dpeg_chambers_temple

Skill      XL: |  1  2  3  4  5  6  7 |
---------------+----------------------+-----
Axes           | 2 3 4 |  4.6
Invocations    | 1 2 3 |  3.9
Armour         | 3 4 |  4.1
Shields        | 3 4 |  4.0
Fighting       | 4 |  4.4

Action                     |  1- 3 |  4- 6 |  7- 9 || total
---------------------------+-------+-------+-------++-------
  Melee: War axe           |   140 |    91 |    29 ||   260
         Headbutt          |       |    11 |     4 ||    15
 Invoke: Convert to Beogh  |       |       |     1 ||     1
    Use: Scroll            |     4 |     4 |       ||     8
         Potion            |       |     2 |       ||     2
 Armour: Scale mail        |   118 |       |       ||   118
         Chain mail        |     3 |    86 |    30 ||   119
  Dodge: Dodged            |    70 |    25 |     6 ||   101
  Block: Buckler           |    39 |    21 |     7 ||    67

Table legend: (Time is in decaauts)
 A = Elapsed time spent in this place.
 B = Non-inter-level travel time spent in this place.
 C = Inter-level travel time spent in this place.
 D = Time resting spent in this place.
 E = Time spent auto-exploring this place.
 F = Levels seen in this place.
 G = Mean time per level.
                   A        B        C        D        E       F      G
               +--------+--------+--------+--------+--------+-----+--------+
         Total |   3774 |   3638 |    136 |    710 |   2128 |   6 |  629.0 |
       Dungeon |   3666 |   3542 |    124 |    710 |   2128 |   5 |  733.2 |
        Temple |    107 |     95 |     12 |      0 |      0 |   1 |  107.0 |
               +--------+--------+--------+--------+--------+-----+--------+

Top non-repeatable levels by time:
     D:2: 971 daAuts
     D:1: 919 daAuts
     D:3: 888 daAuts
     D:4: 778 daAuts
  Temple: 107 daAuts
     D:5: 107 daAuts
